Map: Blueshift LE

Players

WinterSC - Winner!

  • Race: Zerg Zerg
  • League: Master
  • Spawn Location: 7:00

VOD

Have the link to the VOD?

Description

Time

  • Played on: Oct. 2, 2018, 9:11 p.m.
  • Length: 9:08
Show
View Real Time Build Order
Export as new Build Order

WinterSC Zerg - Winner!

Build Orders: Hatch First 

Get SALT Encoding   

  12  0:02  Drone  
  12  0:13  Overlord  
  12  0:16  Drone  
  12  0:31  Drone x2  
  12  0:35  Drone  
  12  0:52  Hatchery  
  12  0:55  Drone  
  12  0:58  Drone  
  12  1:09  Extractor  
  12  1:13  Spawning Pool  
  12  1:15  Drone  
  12  1:21  Drone  
  12  1:29  Drone  
  12  1:40  Overlord  
  12  1:52  Drone  
  12  2:00  Queen  
  12  2:04  Queen  
  12  2:05  Zergling x2  
  12  2:06  Zergling x2  
  12  2:13  Drone, Metabolic Boost  
  12  2:18  Drone  
  12  2:34  Hatchery, Drone  
  12  2:35  Drone  
  12  2:39  Drone  
  12  2:40  Drone  
  12  2:47  Drone x2  
  12  2:54  Overlord  
  12  3:02  Drone  
  12  3:13  Queen  
  12  3:19  Drone x5  
  12  3:20  Drone x3  
  12  3:28  Overlord  
  12  3:47  Drone  
  12  3:48  Drone  
  12  3:49  Drone  
  12  3:50  Drone x6  
  12  3:51  Queen  
  12  4:01  Evolution Chamber, Spore Crawler  
  12  4:02  Spore Crawler  
  12  4:08  Lair  
  12  4:10  Drone x5  
  12  4:15  Spore Crawler, Roach Warren  
  12  4:19  Drone x2, Extractor  
  12  4:21  Extractor  
  12  4:22  Drone x2  
  12  4:23  Extractor  
  12  4:28  Zerg Missile Weapons Level 1  
  12  4:34  Drone x2  
  12  4:35  Overlord x2  
  12  4:45  Overlord  
  12  4:50  Overlord  
  12  5:00  Drone x3  
  12  5:01  Drone x6  
  12  5:02  Drone  
  12  5:05  Drone x3  
  12  5:06  Drone  
  12  5:09  Overlord  
  12  5:10  Overlord, Glial Reconstitution  
  12  5:17  Roach x2  
  12  5:21  Roach, Overlord  
  12  5:25  Roach  
  12  5:26  Roach x2  
  12  5:34  Roach x3  
  12  5:35  Roach x2  
  12  5:36  Overlord  
  12  5:40  Roach  
  12  5:41  Roach x2  
  12  5:42  Overlord  
  12  5:47  Roach x2  
  12  5:50  Roach  
  12  5:51  Roach  
  12  5:56  Roach x2  
  12  5:58  Roach  
  12  5:59  Roach  
  12  6:00  Roach x2  
  12  6:04  Roach x2  
  12  6:06  Overlord  
  12  6:07  Overlord  
  12  6:09  Roach  
  12  6:10  Roach  
  12  6:13  Roach  
  12  6:26  Overlord  
  12  6:30  Roach x2  
  12  6:31  Roach x6  
  12  6:34  Overlord  
  12  6:42  Overlord  
  12  6:45  Roach x4  
  12  6:46  Overlord  
  12  6:58  Roach x3  
  12  6:59  Roach  
  12  7:00  Roach x2  
  12  7:04  Hatchery, Roach x2  
  12  7:06  Overlord x2  
  12  7:08  Overlord  
  12  7:09  Overlord  
  12  7:11  Roach x3  
  12  7:14  Overlord  
  12  7:17  Roach  
  12  7:21  Overlord  
  12  7:25  Roach x2  
  12  7:27  Ravager x2  
  12  7:28  Ravager x2  
  12  7:33  Ravager  
  12  7:39  Drone x6  
  12  7:41  Roach x3  
  12  7:43  Roach  
Tags
 
Add a new tag
Caveats
  • Supply blocks, unpowered buildings, or Contaminate may cause inaccurate times.
  • Supply counts are checked every 10 seconds.